Workbook

Sheet Додаток 2 Фін.звіт
B1: Додаток 2
B2: до Порядку складання, затвердження фінансового плану комунальними некомерційними підприємствами галузі охорони здоров'я міста Запоріжжя та контролю за його виконанням
A4: ЗВІТ ПРО ВИКОНАННЯ ФІНАНСОВОГО ПЛАНУ
A5: комунального некомерційного підприємства "Центр первинної медико-санітарної допомоги № 2"
A6: (назва підприємства)
A7: за 9 місяців 2023 року
A8: (період) | F8: тис.грн.
A9: Показники | B9: Код рядка | C9: План | D9: Факт | E9: Відхилення | F9: % виконання плану
A11: 1 | B11: 2 | C11: 3 | D11: 4 | E11: 5 | F11: 6
A12: I. ФОРМУВАННЯ ФІНАНСОВИХ РЕЗУЛЬТАТІВ
A13: ДОХІД, всього | B13: 1100 | C13: =C14+C17+C21 -> 93542.283 | D13: =D14+D17+D21 -> 93414.732 | E13: =D13-C13 -> -127.551 | F13: =D13/C13*100 -> 99.863643
A14: Дохід (виручка) від реалізації продукції (товарів, робіт, послуг) | B14: 1110 | C14: =C15+C16 -> 64146.427 | D14: =D15+D16 -> 64146.426 | E14: =D14-C14 -> -0.001 | F14: =D14/C14*100 -> 99.999998
A15: Доходи надавача послуг за програмою медичних гарантій від НСЗУ | B15: 1111 | C15: 64124.729 | D15: 64124.729 | E15: =D15-C15 -> 0 | F15: =D15/C15*100 -> 100
A16: Дохід від надання медичних та немедичних послуг за кошти фізичних і юридичних осіб та страхових виплат | B16: 1112 | C16: 21.698 | D16: 21.697 | E16: =D16-C16 -> -0.001 | F16: =D16/C16*100 -> 99.995391
A17: Інший операційний дохід | B17: 1120 | C17: =C18+C19+C20 -> 26055.99 | D17: =D18+D19+D20 -> 25899.058 | E17: =D17-C17 -> -156.932 | F17: =D17/C17*100 -> 99.397712
A18: Цільовий інший операційний дохід (Таблиця 1) | B18: 1121 | C18: ='Таблиця 1 рядок 1121-МБ+БОА'!B27 -> 22122.832 | D18: ='Таблиця 1 рядок 1121-МБ+БОА'!C27 -> 22000.562 | E18: =D18-C18 -> -122.27 | F18: =D18/C18*100 -> 99.447313
A19: Дохід від оренди, від компенсаціій за комунальні платежі від орендаря | B19: 1122 | C19: 2061.877 | D19: 2022.545 | E19: =D19-C19 -> -39.332 | F19: =D19/C19*100 -> 98.092418
A20: Інше (Таблиця 2) | B20: 1123 | C20: ='Таблиця 2 рядок 1123 Гранд+к+%'!B12 -> 1871.281 | D20: ='Таблиця 2 рядок 1123 Гранд+к+%'!C12 -> 1875.951 | E20: =D20-C20 -> 4.67 | F20: =D20/C20*100 -> 100.24956
A21: Неопераційний дохід | B21: 1130 | C21: =C22+C23+C24 -> 3339.866 | D21: =D22+D23+D24 -> 3369.248 | E21: =D21-C21 -> 29.382 | F21: =D21/C21*100 -> 100.87974
A22: Неопераційний дохід, від амортизації по НА та ОЗ, що отримані як цільове фінансування | B22: 1131 | C22: 61.935 | D22: 123.524 | E22: =D22-C22 -> 61.589 | F22: =D22/C22*100 -> 199.44135
A23: Неопераційний дохід від амортизації по НА та ОЗ, що отримані безоплатно | B23: 1132 | C23: 2707.597 | D23: 2685.791 | E23: =D23-C23 -> -21.806 | F23: =D23/C23*100 -> 99.194636
A24: Інший неопераційний дохід (Таблиця 3) | B24: 1133 | C24: ='Таблиця 3 рядок 1133-%, бр,виб'!B21 -> 570.334 | D24: ='Таблиця 3 рядок 1133-%, бр,виб'!C21 -> 559.933 | E24: =D24-C24 -> -10.401 | F24: =D24/C24*100 -> 98.176332
A25: ВИТРАТИ, всього, у тому числі: | B25: 1200 | C25: =C26+C43+C44 -> 99423.359 | D25: =D26+D43+D44 -> 98626.735 | E25: =D25-C25 -> -796.624 | F25: =D25/C25*100 -> 99.198756
A26: Операційні витрати без амортизації всього, в тому числі: (Таблиця 4) | B26: 1210 | C26: =C27+C28+C29+C30+C42 -> 96068.14 | D26: =D27+D28+D29+D30+D42 -> 95344.283 | E26: =D26-C26 -> -723.857 | F26: =D26/C26*100 -> 99.246517
A27: Оплата праці | B27: 1211 | C27: ='Таблиця 4 рядок 1210 Опер вит'!K10 -> 53926.936 | D27: ='Таблиця 4 рядок 1210 Опер вит'!L10 -> 53389.88 | E27: =D27-C27 -> -537.056 | F27: =D27/C27*100 -> 99.004104
A28: Нарахування на оплату праці | B28: 1212 | C28: ='Таблиця 4 рядок 1210 Опер вит'!K11 -> 11773.722 | D28: ='Таблиця 4 рядок 1210 Опер вит'!L11 -> 11648.07 | E28: =D28-C28 -> -125.652 | F28: =D28/C28*100 -> 98.932776
A29: Соціальне забезпечення (у тому числі пільгові пенсії) | B29: 1213 | C29: ='Таблиця 4 рядок 1210 Опер вит'!K12 -> 35.539 | D29: ='Таблиця 4 рядок 1210 Опер вит'!L12 -> 35.539 | E29: =D29-C29 -> 0 | F29: =D29/C29*100 -> 100
A30: Матеріальні витрати | B30: 1214 | C30: =C31+C32+C33+C34+C35+C36+C37+C38+C39+C40+C41 -> 17562.709 | D30: =D31+D32+D33+D34+D35+D36+D37+D38+D39+D40+D41 -> 17310.328 | E30: =D30-C30 -> -252.381 | F30: =D30/C30*100 -> 98.562972
A31: Медикаменти та перев'язувальні матеріали | B31: 1214.1 | C31: ='Таблиця 4 рядок 1210 Опер вит'!K14 -> 9055 | D31: ='Таблиця 4 рядок 1210 Опер вит'!L14 -> 8994.122 | E31: =D31-C31 -> -60.878 | F31: =D31/C31*100 -> 99.327686
A32: Засоби індивідуального захисту | B32: 1214.2 | C32: ='Таблиця 4 рядок 1210 Опер вит'!K15 -> 269 | D32: ='Таблиця 4 рядок 1210 Опер вит'!L15 -> 216.334 | E32: =D32-C32 -> -52.666 | F32: =D32/C32*100 -> 80.421561
A33: Продукти харчування | B33: 1214.3 | C33: ='Таблиця 4 рядок 1210 Опер вит'!K16 -> 152 | D33: ='Таблиця 4 рядок 1210 Опер вит'!L16 -> 146.535 | E33: =D33-C33 -> -5.465 | F33: =D33/C33*100 -> 96.404605
A34: Предмети, матеріали та інвентар | B34: 1214.4 | C34: ='Таблиця 4 рядок 1210 Опер вит'!K17 -> 434.065 | D34: ='Таблиця 4 рядок 1210 Опер вит'!L17 -> 420.298 | E34: =D34-C34 -> -13.767 | F34: =D34/C34*100 -> 96.828355
A35: Будівельні матеріали | B35: 1214.5 | C35: ='Таблиця 4 рядок 1210 Опер вит'!K18 -> 360.5 | D35: ='Таблиця 4 рядок 1210 Опер вит'!L18 -> 358.311 | E35: =D35-C35 -> -2.189 | F35: =D35/C35*100 -> 99.392788
A36: Паливно-мастильні матеріали | B36: 1214.6 | C36: ='Таблиця 4 рядок 1210 Опер вит'!K19 -> 1254.061 | D36: ='Таблиця 4 рядок 1210 Опер вит'!L19 -> 1176.339 | E36: =D36-C36 -> -77.722 | F36: =D36/C36*100 -> 93.802375
A37: Оплата комунальних послуг та інших енергоносіїв | B37: 1214.7 | C37: ='Таблиця 4 рядок 1210 Опер вит'!K20 -> 3795.003 | D37: ='Таблиця 4 рядок 1210 Опер вит'!L20 -> 3794.82 | E37: =D37-C37 -> -0.183 | F37: =D37/C37*100 -> 99.995178
A38: М’який інвентар | B38: 1214.8 | C38: ='Таблиця 4 рядок 1210 Опер вит'!K21 -> 0 | D38: ='Таблиця 4 рядок 1210 Опер вит'!L21 -> 0 | E38: =D38-C38 -> 0 | F38: =D38/C38*100 -> #DIV/0!
A39: Господарські матеріали | B39: 1214.9 | C39: ='Таблиця 4 рядок 1210 Опер вит'!K22 -> 117 | D39: ='Таблиця 4 рядок 1210 Опер вит'!L22 -> 105.228 | E39: =D39-C39 -> -11.772 | F39: =D39/C39*100 -> 89.938462
A40: Ремонти (приміщень, обладнання) | B40: 1214.10 | C40: ='Таблиця 4 рядок 1210 Опер вит'!K23 -> 2126.08 | D40: ='Таблиця 4 рядок 1210 Опер вит'!L23 -> 2098.341 | E40: =D40-C40 -> -27.739 | F40: =D40/C40*100 -> 98.695298
A41: Інші матеріальні витрати | B41: 1214.11 | C41: ='Таблиця 4 рядок 1210 Опер вит'!K24 -> 0 | D41: ='Таблиця 4 рядок 1210 Опер вит'!L24 -> 0 | E41: =D41-C41 -> 0 | F41: =D41/C41*100 -> #DIV/0!
A42: Інші операційні витрати (Таблиця 5) | B42: 1215 | C42: ='Таблиця 5 рядок 1215 Інші ОВ'!B22 -> 12769.234 | D42: ='Таблиця 5 рядок 1215 Інші ОВ'!C22 -> 12960.466 | E42: =D42-C42 -> 191.232 | F42: =D42/C42*100 -> 101.4976
A43: Амортизація | B43: 1220 | C43: 3303.883 | D43: 3282.452 | E43: =D43-C43 -> -21.431 | F43: =D43/C43*100 -> 99.351339
A44: Неопераційні витрати | B44: 1230 | C44: 51.336 | D44: 0 | E44: =D44-C44 -> -51.336 | F44: =D44/C44*100 -> 0
A45: ФІНАНСОВИЙ РЕЗУЛЬТАТ | B45: 1300 | C45: =C13-C25 -> -5881.076 | D45: =D13-D25 -> -5212.003 | E45: =D45-C45 -> 669.073 | F45: =D45/C45*100 -> 88.623289
A46: ІІ. РОЗПОДІЛ ПРИБУТКУ
A47: Залишок нерозподіленого прибутку (непокритого збитку) на початок звітного періоду | B47: 2010 | C47: 0 | D47: 0 | E47: =D47-C47 -> 0 | F47: =D47/C47*100 -> #DIV/0!
A48: Розвиток виробництва | B48: 2020 | C48: 0 | D48: 0 | E48: =D48-C48 -> 0 | F48: =D48/C48*100 -> #DIV/0!
A49: Резервний фонд | B49: 2030 | C49: 0 | D49: 0 | E49: =D49-C49 -> 0 | F49: =D49/C49*100 -> #DIV/0!
A50: Коригування прибутку по дооцінці | B50: 2040 | C50: 0 | D50: 0 | E50: =D50-C50 -> 0 | F50: =D50/C50*100 -> #DIV/0!
A51: Залишок нерозподіленого прибутку (непокритого збитку) на кінець звітного періоду | B51: 2050 | C51: 0 | D51: 0 | E51: =D51-C51 -> 0 | F51: =D51/C51*100 -> #DIV/0!
A52: ІІІ. РОЗРАХУНКИ З БЮДЖЕТОМ
A53: Податки, збори та платежі до бюджету всього, у тому числі: | B53: 3000 | C53: =C54+C55+C56+C57+C58+C59 -> 22626.52 | D53: =D54+D55+D56+D57+D58+D59 -> 22380.255 | E53: =D53-C53 -> -246.265 | F53: =D53/C53*100 -> 98.911609
A54: податок на додану вартість | B54: 3010 | C54: 329.795 | D54: 329.755 | E54: =D54-C54 -> -0.04 | F54: =D54/C54*100 -> 99.987871
A55: військовий збір | B55: 3020 | C55: 809 | D55: 800.899 | E55: =D55-C55 -> -8.101 | F55: =D55/C55*100 -> 98.99864
A56: плата за землю | B56: 3030 | C56: 7.003 | D56: 7.003 | E56: =D56-C56 -> 0 | F56: =D56/C56*100 -> 100
A57: податок на дохід фізичних осіб | B57: 3040 | C57: 9707 | D57: 9594.528 | E57: =D57-C57 -> -112.472 | F57: =D57/C57*100 -> 98.841331
A58: єдиний внесок на загальнообов'язкове державне соціальне страхування | B58: 3050 | C58: 11773.722 | D58: 11648.07 | E58: =D58-C58 -> -125.652 | F58: =D58/C58*100 -> 98.932776
A59: інші (Таблиця 6) | B59: 3060 | C59: ='Таблиця 6 рядок 3060'!B21 -> 0 | D59: ='Таблиця 6 рядок 3060'!C21 -> 0 | E59: =D59-C59 -> 0 | F59: =D59/C59*100 -> #DIV/0!
A60: ІV. РУХ ГРОШОВИХ КОШТІВ
A61: Залишок коштів на початок періоду | B61: 4010 | C61: 8623.718 | D61: 8623.718 | E61: =D61-C61 -> 0 | F61: =D61/C61*100 -> 100
A62: Надходження грошових коштів | B62: 4020 | C62: 78837.954 | D62: 83321.898 | E62: =D62-C62 -> 4483.944 | F62: =D62/C62*100 -> 105.68754
A63: Використання грошових коштів | B63: 4030 | C63: 84461.672 | D63: 89062.578 | E63: =D63-C63 -> 4600.906 | F63: =D63/C63*100 -> 105.44733
A64: Залишок коштів на кінець періоду | B64: 4040 | C64: =C61+C62-C63 -> 3000 | D64: =D61+D62-D63 -> 2883.038 | E64: =D64-C64 -> -116.962 | F64: =D64/C64*100 -> 96.101267
A65: V. ЦІЛЬОВЕ ФІНАНСУВАННЯ ЗА ПРОГРАМОЮ "ОХОРОНА ЗДОРОВ'Я МІСТА ЗАПОРІЖЖЯ " на відповідний рік
A66: Поточні видатки всього, у тому числі: | B66: 5010 | C66: =C67+C68+C69 -> 14761.03 | D66: =D67+D68+D69 -> 14761.02 | E66: =D66-C66 -> -0.01 | F66: =D66/C66*100 -> 99.999932
A67: підтримка на виплату заробітної плати з нарахуваннями | B67: 5011 | C67: 0 | D67: 0 | E67: =D67-C67 -> 0 | F67: =D67/C67*100 -> #DIV/0!
A68: оплата комунальних послуг та енергоносіїв | B68: 5012 | C68: ='Таблиця 4 рядок 1210 Опер вит'!E20 -> 2337.231 | D68: ='Таблиця 4 рядок 1210 Опер вит'!F20 -> 2337.227 | E68: =D68-C68 -> -0.004 | F68: =D68/C68*100 -> 99.999829
A69: інші (Таблиця 7) | B69: 5013 | C69: ='Таблиця 7 рядок 5013 МБ -ПВ'!B14 -> 12423.799 | D69: ='Таблиця 7 рядок 5013 МБ -ПВ'!C14 -> 12423.793 | E69: =D69-C69 -> -0.006 | F69: =D69/C69*100 -> 99.999952
A70: Капітальні видатки всього, в тому числі: | B70: 5020 | C70: =C71+C72+C73 -> 0 | D70: =D71+D72+D73 -> 0 | E70: =D70-C70 -> 0 | F70: =D70/C70*100 -> #DIV/0!
A71: капітальний ремонт | B71: 5021 | C71: 0 | D71: 0 | E71: =D71-C71 -> 0 | F71: =D71/C71*100 -> #DIV/0!
A72: реконструкція | B72: 5022 | C72: 0 | D72: 0 | E72: =D72-C72 -> 0 | F72: =D72/C72*100 -> #DIV/0!
A73: придбання обладнання | B73: 5023 | C73: 0 | D73: 0 | E73: =D73-C73 -> 0 | F73: =D73/C73*100 -> #DIV/0!
A74: Разом | B74: 5030 | C74: =C66+C70 -> 14761.03 | D74: =D66+D70 -> 14761.02 | E74: =D74-C74 -> -0.01 | F74: =D74/C74*100 -> 99.999932
A75: VI. Капітальні інвестиції
A76: Капітальні інвестиції всього, в т.ч.: (Таблиця 8) | B76: 6000 | C76: =C77+C78+C79+C80+C81+C82 -> 8749.422 | D76: =D77+D78+D79+D80+D81+D82 -> 8749.42 | E76: =D76-C76 -> -0.002 | F76: =D76/C76*100 -> 99.999977
A77: капітальне будівництво | B77: 6010 | C77: 0 | D77: 0 | E77: =D77-C77 -> 0 | F77: =D77/C77*100 -> #DIV/0!
A78: придбання (виготовлення) основних засобів (Таблиця 9) | B78: 6020 | C78: ='Таблиця 8 рядок 6000-КАПИ'!K10 -> 7312.782 | D78: ='Таблиця 8 рядок 6000-КАПИ'!L10 -> 7312.782 | E78: =D78-C78 -> 0 | F78: =D78/C78*100 -> 100
A79: придбання (виготовлення) інших необоротних матеріальних активів | B79: 6030 | C79: ='Таблиця 8 рядок 6000-КАПИ'!K11 -> 1436.64 | D79: ='Таблиця 8 рядок 6000-КАПИ'!L11 -> 1436.638 | E79: =D79-C79 -> -0.002 | F79: =D79/C79*100 -> 99.999861
A80: придбання (створення) нематеріальних активів | B80: 6040 | C80: 0 | D80: 0 | E80: =D80-C80 -> 0 | F80: =D80/C80*100 -> #DIV/0!
A81: модернізація, модифікація (добудова, дообладнання, реконструкція) основних засобів (Таблиця 10) | B81: 6050 | C81: 0 | D81: 0 | E81: =D81-C81 -> 0 | F81: =D81/C81*100 -> #DIV/0!
A82: капітальний ремонт (Таблиця 10) | B82: 6060 | C82: 0 | D82: 0 | E82: =D82-C82 -> 0 | F82: =D82/C82*100 -> #DIV/0!
A83: Залишкова вартість основних засобів (на кінець періоду) | B83: 6080 | C83: =56212.7+3534.961 -> 59747.661 | D83: 62356.1 | E83: =D83-C83 -> 2608.439 | F83: =D83/C83*100 -> 104.36576
A84: VІI. КОЕФІЦІЄНТНИЙ АНАЛІЗ
A85: Рентабельність діяльності (фінансовий результат /дохід від реалізації продукції (товарів, робіт, послуг) х 100, % | B85: 7010 | C85: =C45/C14*100 -> -9.1682051 | D85: =D45/D14*100 -> -8.1251651 | E85: =D85-C85 -> 1.04304 | F85: =D85/C85*100 -> 88.623291
A86: Коефіцієнт відношення капітальних інвестицій до амортизації | B86: 7020 | C86: =C76/C43 -> 2.6482239 | D86: =D76/D43 -> 2.6655135 | E86: =D86-C86 -> 0.017289541 | F86: =D86/C86*100 -> 100.65287
A87: Коефіцієнт зносу основних засобів | B87: 7030 | C87: 0.213 | D87: 0.219 | E87: =D87-C87 -> 0.006 | F87: =D87/C87*100 -> 102.8169
A88: VІІІ. ДАНІ ПРО ПЕРСОНАЛ ТА ОПЛАТУ ПРАЦІ
A89: Середня кількість працівників (штатних працівників, зовнішніх сумісників та працівників, що працюють за цивільно-правовими договорами), у т.ч.: | B89: 8100 | C89: =C90+C91+C92+C93+C94+C95+C96 -> 454.75 | D89: =D90+D91+D92+D93+D94+D95+D96 -> 395 | E89: =D89-C89 -> -59.75 | F89: =D89/C89*100 -> 86.860913
A90: Керівники | B90: 8110 | C90: 5 | D90: 5 | E90: =D90-C90 -> 0 | F90: =D90/C90*100 -> 100
A91: Керівники структурних підрозділів | B91: 8120 | C91: 15 | D91: 14 | E91: =D91-C91 -> -1 | F91: =D91/C91*100 -> 93.333333
A92: Лікарі | B92: 8130 | C92: 111 | D92: 93 | E92: =D92-C92 -> -18 | F92: =D92/C92*100 -> 83.783784
A93: Середній медичний персонал | B93: 8140 | C93: 158 | D93: 137 | E93: =D93-C93 -> -21 | F93: =D93/C93*100 -> 86.708861
A94: Молодший медичний персонал | B94: 8150 | C94: 48.5 | D94: 44 | E94: =D94-C94 -> -4.5 | F94: =D94/C94*100 -> 90.721649
A95: Спеціалісти (немедики) | B95: 8160 | C95: 23.25 | D95: 24 | E95: =D95-C95 -> 0.75 | F95: =D95/C95*100 -> 103.22581
A96: Інший персонал | B96: 8170 | C96: 94 | D96: 78 | E96: =D96-C96 -> -16 | F96: =D96/C96*100 -> 82.978723
A97: Фонд оплати праці, у т.ч.: | B97: 8200 | C97: =C98+C99+C100+C101+C102+C103+C104 -> 53926.936 | D97: =D98+D99+D100+D101+D102+D103+D104 -> 53389.88 | E97: =D97-C97 -> -537.056 | F97: =D97/C97*100 -> 99.004104
A98: Керівники | B98: 8210 | C98: 2067.95 | D98: 2078.464 | E98: =D98-C98 -> 10.514 | F98: =D98/C98*100 -> 100.50843
A99: Керівники структурних підрозділів | B99: 8220 | C99: 3417.8 | D99: 3462.513 | E99: =D99-C99 -> 44.713 | F99: =D99/C99*100 -> 101.30824
A100: Лікарі | B100: 8230 | C100: 19053.708 | D100: 18791.746 | E100: =D100-C100 -> -261.962 | F100: =D100/C100*100 -> 98.625139
A101: Середній медичний персонал | B101: 8240 | C101: 17558.88 | D101: 17288.915 | E101: =D101-C101 -> -269.965 | F101: =D101/C101*100 -> 98.462516
A102: Молодший медичний персонал | B102: 8250 | C102: 3358.257 | D102: 3325.294 | E102: =D102-C102 -> -32.963 | F102: =D102/C102*100 -> 99.018449
...

Sheet Таблиця 1 рядок 1121-МБ+БОА
E1: Таблиця 1
A2: КНП "Центр первинної медико-санітарної допомоги №2"
A3: (назва підприємства)
A4: Інший операційний дохід
A5: Цільовий інший операційний дохід (рядок 1121 звіту)
A7: Найменування | B7: План | C7: Факт | D7: Відхилення | E7: % виконання плану
A9: Бюджет Запорізької міської територіальної громади: | B9: =SUM(B10:B18) -> 14307.33 | C9: =SUM(C10:C18) -> 14278.91 | D9: =C9-B9 -> -28.42 | E9: =C9/B9*100 -> 99.801361
A10: Соціальне забезпечення (у тому числі пільгові пенсії) | B10: 35.539 | C10: 35.539 | D10: =C10-B10 -> 0 | E10: =C10/B10*100 -> 100
A11: Медикаменти та перев'язувальні матеріали | B11: 540 | C11: 539.991 | D11: =C11-B11 -> -0.009 | E11: =C11/B11*100 -> 99.998333
A12: Засоби індивідуального захисту | B12: 54 | C12: 50.675 | D12: =C12-B12 -> -3.325 | E12: =C12/B12*100 -> 93.842593
A13: Продукти харчування | B13: 152 | C13: 146.535 | D13: =C13-B13 -> -5.465 | E13: =C13/B13*100 -> 96.404605
A14: Предмети, матеріали та інвентар | B14: 0.065 | C14: 0.065 | D14: =C14-B14 -> 0 | E14: =C14/B14*100 -> 100
A15: Паливно-мастильні матеріали | B15: 419.3 | C15: 418.968 | D15: =C15-B15 -> -0.332 | E15: =C15/B15*100 -> 99.92082
A16: Оплата комунальних послуг та енергоносіїв | B16: 2337.231 | C16: 2337.227 | D16: =C16-B16 -> -0.004 | E16: =C16/B16*100 -> 99.999829
A17: Інші операційні витрати (відшкодування вартості пільгових ліків, інсулінів) | B17: 10749.915 | C17: 10749.91 | D17: =C17-B17 -> -0.005 | E17: =C17/B17*100 -> 99.999953
A18: Інші витрати | B18: 19.28 | C18: 0 | D18: =C18-B18 -> -19.28 | E18: =C18/B18*100 -> 0
A19: Безоплатне отримання активів: | B19: =SUM(B20:B26) -> 7815.502 | C19: =SUM(C20:C26) -> 7721.652 | D19: =C19-B19 -> -93.85 | E19: =C19/B19*100 -> 98.799181
A20: Медикаменти та перев'язувальні матеріали | B20: 7500 | C20: 7465.96 | D20: =C20-B20 -> -34.04 | E20: =C20/B20*100 -> 99.546133
A21: Засоби індивідуального захисту | B21: 155 | C21: 119.812 | D21: =C21-B21 -> -35.188 | E21: =C21/B21*100 -> 77.298065
A22: Предмети, матеріали та інвентар | B22: 90 | C22: 84.504 | D22: =C22-B22 -> -5.496 | E22: =C22/B22*100 -> 93.893333
A23: Будівельні матеріали | B23: 0.5 | C23: 0.221 | D23: =C23-B23 -> -0.279 | E23: =C23/B23*100 -> 44.2
A24: Паливно-мастильні матеріали | B24: 0.761 | C24: 0.761 | D24: =C24-B24 -> 0 | E24: =C24/B24*100 -> 100
A25: Господарськи товари | B25: 55 | C25: 50.394 | D25: =C25-B25 -> -4.606 | E25: =C25/B25*100 -> 91.625455
A26: Інші витрати | B26: 14.241 | C26: 0 | D26: =C26-B26 -> -14.241 | E26: =C26/B26*100 -> 0
A27: Всього | B27: =B9+B19 -> 22122.832 | C27: =C9+C19 -> 22000.562 | D27: =C27-B27 -> -122.27 | E27: =C27/B27*100 -> 99.447313
A30: Головний бухгалтер | D30: Ольга САРАНА
B31: (підпис) | C31: (П.І.Б.)

Sheet Таблиця 2 рядок 1123 Гранд+к+%
E1: Таблиця 2
A2: КНП "Центр первинної медико-санітарної допомоги №2"
A3: (назва підприємства)
A4: Інший операційний дохід
A5: Інше (рядок 1123 звіту)
A7: Найменування | B7: План | C7: Факт | D7: Відхилення | E7: % виконання плану
A9: Благодійний грант від Представництва "ПРОДЖЕКТ ХОУП-ЗЕ ПІПЛ-ТУ ПІПЛ ХЕЛС ФАУНДЕЙШН ІНК в Україні для "Посилення кадрового потенціалу" (збільшення кількості медичних пацієнтів) | B9: 883.608 | C9: 880.445 | D9: =C9-B9 -> -3.163 | E9: =C9/B9*100 -> 99.642036
A10: Кошти отримані від КНП "ЦПМСД №4" | B10: 882.273 | C10: 882.273 | D10: =C10-B10 -> 0 | E10: =C10/B10*100 -> 100
A11: Дохід від нарахування відсотків банком на залишок коштів НСЗУ по рахунку на кінець звітного періоду | B11: 105.4 | C11: 113.233 | D11: =C11-B11 -> 7.833 | E11: =C11/B11*100 -> 107.43169
A12: Всього | B12: =SUM(B9:B11) -> 1871.281 | C12: =SUM(C9:C11) -> 1875.951 | D12: =C12-B12 -> 4.67 | E12: =C12/B12*100 -> 100.24956
A15: Головний бухгалтер | D15: Ольга САРАНА
B16: (підпис) | C16: (П.І.Б.)

Sheet Таблиця 3 рядок 1133-%, бр,виб
E1: Таблиця 3
A2: КНП "Центр первинної медико-санітарної допомоги №2"
A3: (назва підприємства)
A4: Інший неопераційний дохід
A5: (рядок 1133 звіту)
A7: Найменування | B7: План | C7: Факт | D7: Відхилення | E7: % виконання плану
A9: Дохід від нарахування відсотків банком на залишок коштів НСЗУ по рахунку на кінець звітного періоду | B9: 518.82 | C9: 515.814 | D9: =C9-B9 -> -3.006 | E9: =C9/B9*100 -> 99.420608
A10: Дохід від вибуття ОЗ і НА | B10: 51.336 | C10: 43.941 | D10: =C10-B10 -> -7.395 | E10: =C10/B10*100 -> 85.594904
A11: Дохід за рахунок зданого металобрухту від списаних основних засобів та необоротних активів | B11: 0.178 | C11: 0.178 | D11: =C11-B11 -> 0 | E11: =C11/B11*100 -> 100
D12: =C12-B12 -> 0 | E12: =C12/B12*100 -> #DIV/0!
D13: =C13-B13 -> 0 | E13: =C13/B13*100 -> #DIV/0!
D14: =C14-B14 -> 0 | E14: =C14/B14*100 -> #DIV/0!
D15: =C15-B15 -> 0 | E15: =C15/B15*100 -> #DIV/0!
D16: =C16-B16 -> 0 | E16: =C16/B16*100 -> #DIV/0!
D17: =C17-B17 -> 0 | E17: =C17/B17*100 -> #DIV/0!
D18: =C18-B18 -> 0 | E18: =C18/B18*100 -> #DIV/0!
D19: =C19-B19 -> 0 | E19: =C19/B19*100 -> #DIV/0!
D20: =C20-B20 -> 0 | E20: =C20/B20*100 -> #DIV/0!
A21: Всього | B21: =SUM(B9:B20) -> 570.334 | C21: =SUM(C9:C20) -> 559.933 | D21: =C21-B21 -> -10.401 | E21: =C21/B21*100 -> 98.176332
A25: Головний бухгалтер | D25: Ольга САРАНА
B26: (підпис) | C26: (П.І.Б.)

Sheet Таблиця 4 рядок 1210 Опер вит
K1: Таблиця 4
A2: КНП "Центр первиинної медико-санітарної допомги №2"
A3: (назва підприємства)
A4: Операційні витрати без амортизації
A5: (рядок 1210 звіту)
C7: коштів НСЗУ | E7: коштів бюджетів всіх рівнів | G7: безоплатного отримання активів | I7: інших надходжень | K7: Разом за звітний період
B8: Код рядка | C8: план | D8: факт | E8: план | F8: факт | G8: план | H8: факт | I8: план | J8: факт | K8: план | L8: факт
A9: Операційні витрати без амортизації всього, в тому числі: | B9: 1210 | C9: =C10+C11+C12+C13+C25 -> 69494.4 | D9: =D10+D11+D12+D13+D25 -> 68922.815 | E9: =E10+E11+E12+E13+E25 -> 14307.33 | F9: =F10+F11+F12+F13+F25 -> 14278.91 | G9: =G10+G11+G12+G13+G25 -> 7815.502 | H9: =H10+H11+H12+H13+H25 -> 7721.652 | I9: =I10+I11+I12+I13+I25 -> 4450.908 | J9: =J10+J11+J12+J13+J25 -> 4420.906 | K9: =C9+E9+G9+I9 -> 96068.14 | L9: =D9+F9+H9+J9 -> 95344.283
A10: Оплата праці | B10: 1211 | C10: 53191.835 | D10: 52657.259 | I10: 735.101 | J10: 732.621 | K10: =C10+E10+G10+I10 -> 53926.936 | L10: =D10+F10+H10+J10 -> 53389.88
A11: Нарахування на оплату праці | B11: 1212 | C11: 11612 | D11: 11488.125 | I11: 161.722 | J11: 159.945 | K11: =C11+E11+G11+I11 -> 11773.722 | L11: =D11+F11+H11+J11 -> 11648.07
A12: Соціальне забезпечення (у тому числі пільгові пенсії) | B12: 1213 | E12: 35.539 | F12: 35.539 | K12: =C12+E12+G12+I12 -> 35.539 | L12: =D12+F12+H12+J12 -> 35.539
A13: Матеріальні витрати | B13: 1214 | C13: =C14+C15+C16+C17+C18+C19+C20+C21+C22+C23+C24 -> 3419.1 | D13: =D14+D15+D16+D17+D18+D19+D20+D21+D22+D23+D24 -> 3281.208 | E13: =E14+E15+E16+E17+E18+E19+E20+E21+E22+E23+E24 -> 3502.596 | F13: =F14+F15+F16+F17+F18+F19+F20+F21+F22+F23+F24 -> 3493.461 | G13: =G14+G15+G16+G17+G18+G19+G20+G21+G22+G23+G24 -> 7801.261 | H13: =H14+H15+H16+H17+H18+H19+H20+H21+H22+H23+H24 -> 7721.652 | I13: =I14+I15+I16+I17+I18+I19+I20+I21+I22+I23+I24 -> 2839.752 | J13: =J14+J15+J16+J17+J18+J19+J20+J21+J22+J23+J24 -> 2814.007 | K13: =C13+E13+G13+I13 -> 17562.709 | L13: =D13+F13+H13+J13 -> 17310.328
A14: Медикаменти та перев'язувальні матеріали | B14: 1214.1 | C14: 1015 | D14: 988.171 | E14: 540 | F14: 539.991 | G14: 7500 | H14: 7465.96 | K14: =C14+E14+G14+I14 -> 9055 | L14: =D14+F14+H14+J14 -> 8994.122
A15: Засоби індивідуального захисту | B15: 1214.2 | C15: 60 | D15: 45.847 | E15: 54 | F15: 50.675 | G15: 155 | H15: 119.812 | K15: =C15+E15+G15+I15 -> 269 | L15: =D15+F15+H15+J15 -> 216.334
A16: Продукти харчування | B16: 1214.3 | E16: 152 | F16: 146.535 | K16: =C16+E16+G16+I16 -> 152 | L16: =D16+F16+H16+J16 -> 146.535
A17: Предмети, матеріали та інвентар | B17: 1214.4 | C17: 280 | D17: 273.429 | E17: 0.065 | F17: 0.065 | G17: 90 | H17: 84.504 | I17: 64 | J17: 62.3 | K17: =C17+E17+G17+I17 -> 434.065 | L17: =D17+F17+H17+J17 -> 420.298
A18: Будівельні матеріали | B18: 1214.5 | C18: 10 | D18: 9.537 | G18: 0.5 | H18: 0.221 | I18: 350 | J18: 348.553 | K18: =C18+E18+G18+I18 -> 360.5 | L18: =D18+F18+H18+J18 -> 358.311
A19: Паливно-мастильні матеріали | B19: 1214.6 | C19: 820 | D19: 743.809 | E19: 419.3 | F19: 418.968 | G19: 0.761 | H19: 0.761 | I19: 14 | J19: 12.801 | K19: =C19+E19+G19+I19 -> 1254.061 | L19: =D19+F19+H19+J19 -> 1176.339
A20: Оплата комунальних послуг та інших енергоносіїв | B20: 1214.7 | E20: 2337.231 | F20: 2337.227 | I20: 1457.772 | J20: 1457.593 | K20: =C20+E20+G20+I20 -> 3795.003 | L20: =D20+F20+H20+J20 -> 3794.82
A21: М’який інвентар | B21: 1214.8 | K21: =C21+E21+G21+I21 -> 0 | L21: =D21+F21+H21+J21 -> 0
A22: Господарські матеріали | B22: 1214.9 | C22: 24 | D22: 19.404 | G22: 55 | H22: 50.394 | I22: 38 | J22: 35.43 | K22: =C22+E22+G22+I22 -> 117 | L22: =D22+F22+H22+J22 -> 105.228
A23: Ремонти (приміщень, обладнання) | B23: 1214.10 | C23: 1210.1 | D23: 1201.011 | I23: 915.98 | J23: 897.33 | K23: =C23+E23+G23+I23 -> 2126.08 | L23: =D23+F23+H23+J23 -> 2098.341
A24: Інші матеріальні витрати | B24: 1214.11 | K24: =C24+E24+G24+I24 -> 0 | L24: =D24+F24+H24+J24 -> 0
A25: Інші операційні витрати | B25: 1215 | C25: 1271.465 | D25: 1496.223 | E25: 10769.195 | F25: 10749.91 | G25: 14.241 | H25: =H26+H27 -> 0 | I25: 714.333 | J25: 714.333 | K25: =C25+E25+G25+I25 -> 12769.234 | L25: =D25+F25+H25+J25 -> 12960.466
A28: Головний бухгалтер | I28: Ольга САРАНА
H29: (П.І.Б.)

Sheet Таблиця 5 рядок 1215 Інші ОВ
E1: Таблиця 5
A2: КНП "Центр первинної медико-санітарної допомоги №2"
A3: (назва підприємства)
A4: Інші операційні витрати
A5: (рядок 1215 звіту)
A7: Найменування | B7: План | C7: Факт | D7: Відхилення | E7: % виконання плану
A9: Видатки на відрядження | B9: 0 | C9: 0 | D9: =C9-B9 -> 0 | E9: =C9/B9*100 -> #DIV/0!
A10: Підготовка (перепідготовка) кадрів та підвищення кваліфікації | B10: 106.16 | C10: 106.159 | D10: =C10-B10 -> -0.001 | E10: =C10/B10*100 -> 99.999058
A11: Послуги (крім комунальних) | B11: 1158 | C11: 1071.374 | D11: =C11-B11 -> -86.626 | E11: =C11/B11*100 -> 92.519344
A12: Зовнішні послуги з медичної допомоги | B12: 16.119 | C12: 15.954 | D12: =C12-B12 -> -0.165 | E12: =C12/B12*100 -> 98.976363
A13: ТО ліфти, ПК, оргтехніка, телефони | B13: 19.929 | C13: 19.928 | D13: =C13-B13 -> -0.001 | E13: =C13/B13*100 -> 99.994982
A14: Зв'язок, інтернет | B14: 174.9 | C14: 174.8 | D14: =C14-B14 -> -0.1 | E14: =C14/B14*100 -> 99.942824
A15: Охорона | B15: 32.7 | C15: 32.7 | D15: =C15-B15 -> 0 | E15: =C15/B15*100 -> 100
A16: Пожежна охорона | B16: 20.7 | C16: 20.7 | D16: =C16-B16 -> 0 | E16: =C16/B16*100 -> 100
A17: Страхування | B17: 28.988 | C17: 28.216 | D17: =C17-B17 -> -0.772 | E17: =C17/B17*100 -> 97.336829
A18: Податки | B18: 336.798 | C18: 336.758 | D18: =C18-B18 -> -0.04 | E18: =C18/B18*100 -> 99.988123
A19: Банківське обслуговування | B19: 5.55 | C19: 2.35 | D19: =C19-B19 -> -3.2 | E19: =C19/B19*100 -> 42.342342
A20: Відшкодування вартості пільгових ліків, інсулінів | B20: 10749.915 | C20: 10749.91 | D20: =C20-B20 -> -0.005 | E20: =C20/B20*100 -> 99.999953
A21: Інші витрати | B21: 119.475 | C21: 401.617 | D21: =C21-B21 -> 282.142 | E21: =C21/B21*100 -> 336.1515
A22: Всього | B22: =SUM(B9:B21) -> 12769.234 | C22: =SUM(C9:C21) -> 12960.466 | D22: =C22-B22 -> 191.232 | E22: =C22/B22*100 -> 101.4976
A25: Головний бухгалтер | D25: Ольга САРАНА
B26: (підпис) | C26: (П.І.Б.)

Sheet Таблиця 6 рядок 3060
E1: Таблиця 6
A2: КНП "Центр первинної медико-санітарної допомоги №2"
A3: (назва підприємства)
A4: Інші податки, збори та платежі до бюджету
A5: (рядок 3060 звіту)
A7: Найменування | B7: План | C7: Факт | D7: Відхилення | E7: % виконання плану
D9: =C9-B9 -> 0 | E9: =C9/B9*100 -> #DIV/0!
D10: =C10-B10 -> 0 | E10: =C10/B10*100 -> #DIV/0!
D11: =C11-B11 -> 0 | E11: =C11/B11*100 -> #DIV/0!
D12: =C12-B12 -> 0 | E12: =C12/B12*100 -> #DIV/0!
D13: =C13-B13 -> 0 | E13: =C13/B13*100 -> #DIV/0!
D14: =C14-B14 -> 0 | E14: =C14/B14*100 -> #DIV/0!
D15: =C15-B15 -> 0 | E15: =C15/B15*100 -> #DIV/0!
D16: =C16-B16 -> 0 | E16: =C16/B16*100 -> #DIV/0!
D17: =C17-B17 -> 0 | E17: =C17/B17*100 -> #DIV/0!
D18: =C18-B18 -> 0 | E18: =C18/B18*100 -> #DIV/0!
D19: =C19-B19 -> 0 | E19: =C19/B19*100 -> #DIV/0!
D20: =C20-B20 -> 0 | E20: =C20/B20*100 -> #DIV/0!
A21: Всього | B21: =SUM(B9:B20) -> 0 | C21: =SUM(C9:C20) -> 0 | D21: =C21-B21 -> 0 | E21: =C21/B21*100 -> #DIV/0!
A24: Головний бухгалтер | D24: Ольга САРАНА
B25: (підпис) | C25: (П.І.Б.)

Sheet Таблиця 7 рядок 5013 МБ -ПВ
E1: Таблиця 7
A2: КНП "Центр первинної медико-санітарної допомоги №2"
A3: (назва підприємства)
A4: Інші поточні видатки цільового фінансування
A5: (рядок 5013 звіту)
A7: Найменування | B7: План | C7: Факт | D7: Відхилення | E7: % виконання плану
A9: Соціальне забезпечення (у тому числі пільгові пенсії) | B9: 35.539 | C9: 35.539 | D9: =C9-B9 -> 0 | E9: =C9/B9*100 -> 100
A10: Медикаменти та перев'язувальні матеріали | B10: 674.482 | C10: 674.482 | D10: =C10-B10 -> 0 | E10: =C10/B10*100 -> 100
A11: Продукти харчування | B11: 291.697 | C11: 291.696 | D11: =C11-B11 -> -0.001 | E11: =C11/B11*100 -> 99.999657
A12: Паливно-мастильні матеріали | B12: 672.166 | C12: 672.166 | D12: =C12-B12 -> 0 | E12: =C12/B12*100 -> 100
A13: Інші операційні витрати (відшкодування вартості пільгових ліків, інсулінів) | B13: 10749.915 | C13: 10749.91 | D13: =C13-B13 -> -0.005 | E13: =C13/B13*100 -> 99.999953
A14: Всього | B14: =SUM(B9:B13) -> 12423.799 | C14: =SUM(C9:C13) -> 12423.793 | D14: =C14-B14 -> -0.006 | E14: =C14/B14*100 -> 99.999952
A17: Головний бухгалтер | D17: Ольга САРАНА
B18: (підпис) | C18: (П.І.Б.)

Sheet Таблиця 8 рядок 6000-КАПИ
K1: Таблиця 8
B2: КНП "Центр первинної медико-санітарної допомоги №2"
A3: (назва підприємства)
A4: Капітальні інвестиції
A5: (рядок 6000 звіту)
B7: Код рядка | C7: коштів НСЗУ | E7: коштів бюджетів всіх рівнів | G7: безоплатного отримання активів | I7: інших надходжень | K7: Разом за звітний період
C8: план | D8: факт | E8: план | F8: факт | G8: план | H8: факт | I8: план | J8: факт | K8: план | L8: факт
A9: капітальне будівництво | B9: 6010
A10: придбання (виготовлення) основних засобів | B10: 6020 | C10: 1159.697 | D10: 1159.697 | G10: 6153.085 | H10: 6153.085 | K10: =C10+E10+G10+I10 -> 7312.782 | L10: =D10+F10+H10+J10 -> 7312.782
A11: придбання (виготовлення) інших необоротних матеріальних активів | B11: 6030 | C11: 304.487 | D11: 304.486 | G11: 935.947 | H11: 935.947 | I11: 196.206 | J11: 196.205 | K11: =C11+E11+G11+I11 -> 1436.64 | L11: =D11+F11+H11+J11 -> 1436.638
A12: придбання (створення) нематеріальних активів | B12: 6040
A13: модернізація, модифікація (добудова, дообладнання, реконструкція) основних засобів | B13: 6050
A14: капітальний ремонт | B14: 6060
A15: Всього | C15: =SUM(C9:C14) -> 1464.184 | D15: =SUM(D9:D14) -> 1464.183 | E15: =SUM(E9:E14) -> 0 | F15: =SUM(F9:F14) -> 0 | G15: =SUM(G9:G14) -> 7089.032 | H15: =SUM(H9:H14) -> 7089.032 | I15: =SUM(I9:I14) -> 196.206 | J15: =SUM(J9:J14) -> 196.205 | ... L15: =SUM(L9:L14) -> 8749.42
A17: Головний бухгалтер | H17: Ольга САРАНА
E18: (підпис) | G18: (П.І.Б.)

Sheet Таблиця 9 рядок 6020 Осн зас
E1: Таблиця 9
A3: КНП "Центр первинної медико-санітарної допомоги №2"
A4: (назва підприємства)
A5: Придбання основних засобів
A6: (рядок 6020 звіту)
A8: Найменування основного засобу | B8: Кількість, од. | C8: Ціна за одиницю, тис.грн. | D8: Вартість, тис.грн. | E8: Джрело коштів для придбання
A9: Електрокардіограф 12-і канальний | B9: 6 | C9: 121.527 | D9: 729.162 | E9: НСЗУ
A10: Насос шприцевий НР-60 | B10: 3 | C10: 85.062 | D10: 255.186 | E10: НСЗУ
A11: Веновізор NAVI-60 | B11: 1 | C11: 175.349 | D11: 175.349 | E11: НСЗУ
A12: Генератор | B12: 1 | C12: 74.82 | D12: 74.82 | E12: Безоплатне отримання
A13: Автоматичний гематологічний аналізатор | B13: 1 | C13: 282.7 | D13: 282.7 | E13: Безоплатне отримання
A14: Дефібрилятор (Defibrillator AED) | B14: 1 | C14: 50 | D14: 50 | E14: Безоплатне отримання
A15: Білірубінометр МВJ20 | B15: 4 | C15: 40 | D15: 160 | E15: Безоплатне отримання
A16: Автоматичний зовнішній дефібрилятор і3 AED Amoul+ додатковий комплект одноразових електродів для дорослих та дітей +Металевий кейс для настінного зберігання в публічних та комплектом для монтажу | B16: 3 | C16: 55.845 | D16: 167.535 | E16: Безоплатне отримання
A17: Кисневий концентратор | B17: 1 | C17: 71.924 | D17: 71.924 | E17: Безоплатне отримання
A18: Монітор фетальний "БІОМЕД" ВF500 | B18: 2 | C18: 45 | D18: 90 | E18: Безоплатне отримання
A19: Аналізатор сечі HTICL-50 Plus+з набором смужок діагностичних UrineRS H10 на 1100 досліджень (11 уп. по 100 смужок) | B19: 1 | C19: 37.5 | D19: 37.5 | E19: Безоплатне отримання
A20: Холодильник з льодовим захистом | B20: 4 | C20: 66.672 | D20: 266.69 | E20: Безоплатне отримання
... A23: Дизель -генератор 20 кВт APD 25A | B23: 1 | C23: 281.435 | D23: 281.435 | E23: Безоплатне отримання
A24: Основні засоби отримані від КНП "ЦПМСД №4" | B24: 5984.5 | D24: 3534.961 | E24: Безоплатне отримання (приєднання КНП "ЦПМСД №4)
A25: Електрокардіограф Contec 6-і канальний | B25: 3 | C25: 23.762 | D25: 71.285 | E25: Безоплатне отримання
A26: Електрокардіограф Contec 12-і канальний | B26: 3 | C26: 30.242 | D26: 90.727 | E26: Безоплатне отримання
A27: Апарат УЗД з набіром датчиків | B27: 1 | C27: 341.138 | D27: 341.138 | E27: Безоплатне отримання
A28: Ноутбук з комп'ютерною мишкою | B28: 10 | C28: 22.608 | D28: 226.088 | E28: Безоплатне отримання
A29: Пральна машина професійна з фронтальним завантаженням | B29: 2 | C29: 69.765 | D29: 139.53 | E29: Безоплатне отримання
A30: Всього | B30: =SUM(B9:B29) -> 6038.5 | D30: =SUM(D9:D29) -> 7312.782
A34: Головний бухгалтер | D34: Ольга САРАНА
B35: (підпис) | C35: (П.І.Б.)

Sheet Таблиця 10 рядки 6050,6060
D1: Таблиця 10
A2: КНП "Центр первинної медико-санітарної допомоги №2"
A3: (назва підприємства)
A4: Перелік реконструкцій та капітальних ремонтів
A5: (рядки 6050,6060 звіту)
A7: Найменування об'єкту | B7: Вартість, тис.грн. | C7: Джерело коштів | D7: Терміни проведення робіт (квартали)
A20: Всього | B20: =SUM(B8:B19) -> 0
A23: Головний бухгалтер | C23: Ольга САРАНА
B24: (підпис) | C24: (П.І.Б.)

Sheet Довідка про зп мед персоналу
A1: Середньомісячна заробітна плата медичних працівників за 9 місяців 2023 року
A2: КНП "Центр перинної медико-санітарої допомоги №2"
A3: (назва підприємства)
A4: Період (місяці кварталу) | B4: Штатна чисельність | E4: Кількість працівників в еквіваленті повної зайнятості | H4: Фонд оплати праці, грн. | K4: Середньомісячна заробітна плата 1 працівника в еквіваленті повної зайнятості, грн.
B5: Медичні працівники | C5: в т.ч.: | E5: Медичні працівники | F5: в т.ч.: | H5: Медичних працівників | I5: в т.ч.: | K5: Медичні працівники | L5: фахівці з базовою та неповною вищою медичною освітою | M5: лікарі
C6: фахівці з базовою та неповною вищою медичною освітою | D6: лікарі | F6: фахівці з базовою та неповною вищою медичною освітою | G6: лікарі | I6: фахівці з базовою та неповною вищою медичною освітою | J6: лікарі
A7: січень | B7: =C7+D7 -> 246.5 | C7: 136.5 | D7: 110 | E7: =F7+G7 -> 184 | F7: 102 | G7: 82 | H7: =I7+J7 -> 3459230.1 | I7: 1498824.5 | J7: 1960405.6 | K7: =H7/E7 -> 18800.164 | L7: =I7/F7 -> 14694.358 | M7: =J7/G7 -> 23907.386
A8: лютий | B8: =C8+D8 -> 246.5 | C8: 136.5 | D8: 110 | E8: =F8+G8 -> 182 | F8: 101 | G8: 81 | H8: =I8+J8 -> 3575918.5 | I8: 1561709.2 | J8: 2014209.3 | K8: =H8/E8 -> 19647.904 | L8: =I8/F8 -> 15462.468 | M8: =J8/G8 -> 24866.781
A9: березень | B9: =C9+D9 -> 246.5 | C9: 136.5 | D9: 110 | E9: =F9+G9 -> 200 | F9: 112 | G9: 88 | H9: =I9+J9 -> 4686174.9 | I9: 1997692.6 | J9: 2688482.4 | K9: =H9/E9 -> 23430.875 | L9: =I9/F9 -> 17836.541 | M9: =J9/G9 -> 30550.936
A10: квітень | B10: 305.5 | C10: 170.25 | D10: 135.25 | E10: =F10+G10 -> 235 | F10: 131 | G10: 104 | H10: =I10+J10 -> 4873886.5 | I10: 2071843.8 | J10: 2802042.7 | K10: =H10/E10 -> 20739.943 | L10: =I10/F10 -> 15815.602 | M10: =J10/G10 -> 26942.718
A11: травень | B11: 305.5 | C11: 170.25 | D11: 135.25 | E11: =F11+G11 -> 239 | F11: 131 | G11: 108 | H11: =I11+J11 -> 4941427.5 | I11: 2073954.1 | J11: 2867473.4 | K11: =H11/E11 -> 20675.429 | L11: =I11/F11 -> 15831.711 | M11: =J11/G11 -> 26550.679
A12: червень | B12: 305.5 | C12: 170.25 | D12: 135.25 | E12: =F12+G12 -> 240 | F12: 133 | G12: 107 | H12: =I12+J12 -> 5148041.7 | I12: 2399994.6 | J12: 2748047.1 | K12: =H12/E12 -> 21450.174 | L12: =I12/F12 -> 18045.072 | M12: =J12/G12 -> 25682.683
A13: липень | B13: 305.5 | C13: 170.25 | D13: 135.25 | E13: =F13+G13 -> 239 | F13: 136 | G13: 103 | H13: =I13+J13 -> 5001513.5 | I13: 2105117.7 | J13: 2896395.8 | K13: =H13/E13 -> 20926.835 | L13: =I13/F13 -> 15478.807 | M13: =J13/G13 -> 28120.347
A14: серпень | B14: 305.5 | C14: 170.25 | D14: 135.25 | E14: =F14+G14 -> 240 | F14: 133 | G14: 107 | H14: =I14+J14 -> 4371981 | I14: 1937986.1 | J14: 2433994.9 | K14: =H14/E14 -> 18216.587 | L14: =I14/F14 -> 14571.324 | M14: =J14/G14 -> 22747.616
A15: вересень | B15: 305.5 | C15: 170.25 | D15: 135.25 | E15: =F15+G15 -> 227 | F15: 127 | G15: 100 | H15: =I15+J15 -> 4608216.2 | I15: 1937015.8 | J15: 2671200.5 | K15: =H15/E15 -> 20300.512 | L15: =I15/F15 -> 15252.093 | M15: =J15/G15 -> 26712.005
A17: Керівник | E17: Світлана ШКАЛІКОВА
A19: Головний бухгалтер | E19: Ольга САРАНА
